 Dungeon Crawl Stone Soup version 0.22-a0-769-g178e55541d (webtiles) character file.

20 Htamos the Sneak (level 2, 0/19 HPs)
             Began as a Vampire Enchanter on July 17, 2018.
             Slain by an adder (2 damage)
             ... on level 2 of the Dungeon.
             The game lasted 00:04:28 (771 turns).

Htamos the Sneak (Vampire Enchanter)                 Turns: 771, Time: 00:04:29

Health: 0/19       AC:  2    Str:  7    XL:     2   Next: 58%
Magic:  5/5        EV: 12    Int: 17    God:
Gold:   57         SH:  0    Dex: 14    Spells: 4/5 levels left

rFire    . . .     SeeInvis +   a - +1 dagger
rCold    . . .     Gourm    .   (no shield)
rNeg     + . .     Faith    .   b - +0 robe
rPois    .         Spirit   .   (no helmet)
rElec    .         Reflect  .   (no cloak)
rCorr    .         Harm     .   (no gloves)
MR       .....                  (no boots)
Stlth    +++.......             (no amulet)
HPRegen  0.06/turn              (no ring)
MPRegen  0.09/turn              (no ring)

@: no status effects
A: fangs 3, see invisible, unbreathing
a: no special abilities


You were on level 2 of the Dungeon.
You were not thirsty.

You visited 1 branch of the dungeon, and saw 2 of its levels.

You collected 57 gold pieces.

Inventory:

Hand Weapons
 a - a +1 dagger (weapon)
Armour
 b - a +0 robe (worn)
Scrolls
 f - a scroll of magic mapping {unknown}
 g - 2 scrolls of identify {unknown}
 h - a scroll of fear {unknown}
Potions
 c - a potion of curing {unknown}
 d - 9 potions of blood
 e - a potion of mutation {unknown}


   Skills:
 - Level 1.1 Short Blades
 - Level 2.1 Dodging
 + Level 6.1 Stealth
 - Level 2.0 Spellcasting
 - Level 4.4 Hexes


You had 4 spell levels left.
You knew the following spells:

 Your Spells              Type           Power        Failure   Level  Hunger
a - Corona                Hex            ###....      3%          1    #......

Your spell library contained the following spells:

 Spells                   Type           Power        Failure   Level  Hunger
 Confuse                  Hex            ###.....     10%         3    ###....
 Tukima's Dance           Hex            ###.....     10%         3    ###....
 Ensorcelled Hibernation  Hex/Ice        #.....       12%         2    ###....
 Dazzling Spray           Conj/Hex       #.....       24%         3    ###....


Dungeon Overview and Level Annotations

Branches:
Dungeon (2/15)

Altars:


Innate Abilities, Weirdness & Mutations

You have razor-sharp teeth.
You have supernaturally acute eyesight. (SInv)
You can survive without breathing.


Message History

An adder comes into view.
There is a stone staircase leading up here.
Found a ration.
A worm comes into view.
Found a puce potion.
A worm comes into view.
The adder hisses angrily.
The adder barely misses you.
Found a stone staircase leading down.
You miss the adder. Your bite misses the adder. The adder bites you.
* * * LOW HITPOINT WARNING * * *
You hit the adder but do no damage. The adder bites you.
* * * LOW HITPOINT WARNING * * *
The adder barely misses you.
You barely miss the adder. The adder bites you.
* * * LOW HITPOINT WARNING * * *
You hit the adder.
The adder is lightly wounded.
The adder barely misses you. The adder bites you.
You die...

#. #. #.
#.###### .##
#.....<##
....##.......##
#...........#
##..........#
#...@......#
#...S......#
##....w....#
##.......##
#....%....#
#.........#
#!........#
#.........#
#w....>...#


You could see a worm and an adder.

Vanquished Creatures
  A leopard gecko (D:1)
  A giant cockroach (D:1)
  3 goblins (D:1)
  3 hobgoblins (D:1)
  2 bats (D:1)
  A frilled lizard (D:1)
  3 kobolds (D:1)
  4 rats (D:1)
18 creatures vanquished.

Notes
Turn   | Place    | Note
-------+----------+-------------------------------------------
     0 | D:1      | Htamos the Vampire Enchanter began the quest for the Orb.
     0 | D:1      | Reached XP level 1. HP: 13/13 MP: 3/3
     3 | D:1      | Noticed an electric eel
     3 | D:1      | Noticed an electric eel
    69 | D:1      | Reached skill level 5 in Stealth
   121 | D:1      | Reached XP level 2. HP: 19/19 MP: 5/5
   386 | D:1      | Reached skill level 6 in Stealth
   771 | D:2      | Slain by an adder

Vault maps used:
D:1:      arrival_aquarium_b, serial_corexii_hall, corexii_hall_statues_t,
          corexii_hall_statues_i, corexii_hall_statues_l
D:2:      nicolae_qazlal_general_emergency, first_ration, uniq_terence,
          uniq_sigmund

Skill      XL: |  1  2 |
---------------+-------+-----
Stealth        | 5 6 |  6.1
Short Blades   | |  1.1
Dodging        | |  2.1
Spellcasting   | |  2.0
Hexes          | |  4.4

Action                   || total
-------------------------++-------
Melee: Dagger            ||    51
       Bite              ||     1
 Cast: Corona            ||    12
 Stab: Sleeping          ||     7
Armor: Robe              ||     5
Dodge: Dodged            ||    32

Table legend:
 A = Spawn XP
 B = Non-spawn XP
 C = Spawn XP percentage of total XP
 D = Spawn monster count
 E = Non-spawn monster count
 F = Spawn count percentage of total count
 G = Total turns spent on level
                    A         B        C        D         E        F      G
               +---------+---------+-------+---------+---------+-------+---------
         Total |       0 |      29 |   0.0 |       0 |      18 |   0.0 |   771
               +---------+---------+-------+---------+---------+-------+---------
           D:1 |       0 |      29 |   0.0 |       0 |      18 |   0.0 |   761
               +---------+---------+-------+---------+---------+-------+---------
